 Dungeon Crawl Stone Soup version 0.32-a0-7-ge934b45 (webtiles) character file.

Game seed: 11262454702520565045

2851 yaymichael the Cleaver (level 9, -9/89 (92) HPs)
             Began as an Oni Cinder Acolyte on Jan 13, 2024.
             Was an Initiate of Makhleb.
             Mangled by a wyvern (11 damage)
             ... anointed by Ignis
             ... on level 7 of the Dungeon.
             The game lasted 00:32:29 (7668 turns).

yaymichael the Cleaver (Oni Cinder Acolyte)         Turns: 7668, Time: 00:32:30

HP:   -9/89 (92)    AC: 10    Str: 22    XL:     9   Next: 74%
MP:   11/11         EV: 10    Int: 15    God:    Makhleb [......]
Gold: 379           SH:  0    Dex:  6    Spells: 9/11 levels left

rFire   . . .        C - +4 falchion (protect)
rCold   . . .        (no shield)
rNeg    . . .        b - +0 robe
rPois   .            (helmet restricted)
rElec   .            (no cloak)
rCorr   .            (gloves unavailable)
SInv    .            (boots unavailable)
Will    .....        (no amulet)
Stlth   +            (no ring)
HPRegen 0.34/turn    (no ring)
MPRegen 0.12/turn

%: no passive effects
@: under a protective aura, hasted, lightly drained, fire susceptible, very
quick
A: large, unfitting armour, horns 1, tough skin 1, double potion healing,
drunken brawling
a: Renounce Religion


You were on level 7 of the Dungeon.
You worshipped Makhleb.
Makhleb was noncommittal.
You visited 2 branches of the dungeon, and saw 8 of its levels.
You also visited: Ossuary.

You collected 379 gold pieces.

Inventory:

Hand Weapons
 a - a -1 hand axe of flaming
 g - a +3 dagger
 j - a +0 war axe of freezing
 C - a +4 falchion of protection (weapon)
Missiles
 m - 5 atropa-tipped darts (quivered)
 v - a throwing net
Armour
 b - a +0 robe (worn)
Jewellery
 q - an amulet of reflection
Talismans
 f - a maw talisman
 r - a beast talisman
 s - a serpent talisman
Wands
 h - a wand of flame (5)
 i - a wand of roots (5)
 t - a wand of paralysis (9)
Scrolls
 c - a scroll of blinking
 d - 4 scrolls of revelation
 y - 2 scrolls of vulnerability
 B - a scroll of fear
Potions
 e - a potion of cancellation
 k - a potion of magic
 l - a potion of attraction
 u - a potion of might {unknown}
 w - a potion of heal wounds {unknown}
 x - a potion of mutation {unknown}
 z - 2 potions of degeneration {unknown}
 A - a potion of brilliance {unknown}


   Skills:
 * Level 6.8 Fighting
 * Level 0.3 Long Blades
 + Level 10.1 Axes
 * Level 4.1 Dodging
 - Level 0.1 Stealth
 + Level 1.7 Spellcasting
 * Level 4.8 Fire Magic
 + Level 0.2 Evocations
 * Level 3.4 Shapeshifting


You had 9 spell levels left.
You knew the following spells:

 Your Spells              Type           Power      Damage    Failure   Level
a - Scorch                Fire           30%        2d6       4%          2

Your spell library contained the following spells:

 Spells                   Type           Power      Damage    Failure   Level
 Call Imp                 Summ           2%         N/A       34%         2
 Static Discharge         Conj/Air       2%         3-4/arc   34%         2
 Sublimation of Blood     Necr           1%         N/A       34%         2
 Airstrike                Air            0%         2d(1-17)  92%         4
 Summon Lightning Spire   Summ/Air       1%         N/A       92%         4
 Summon Hydra             Summ           0%         N/A       100%        7


Dungeon Overview and Level Annotations

Branches:
Dungeon (7/15)             Temple (1/1) D:7         Ossuary (visited)

Altars:
Ashenzari
Cheibriados
Dithmenos
Elyvilon
Fedhas
Gozag
Hepliaklqana
Kikubaaqudgha
Makhleb
Nemelex Xobeh
Okawaru
Ru
Trog
Wu Jian
Yredelemnul
Zin
The Shining One

Shops:
D:1 :   D:6 :   D:7 :


Innate Abilities, Weirdness & Mutations

You are too large for most types of armour.
You have a pair of small horns on your head.
You have tough skin. (AC +1)
You gain doubled healing and magic from potions.
Whenever you drink a healing potion, you attack all around you.


Message History

The sky beast is almost dead.
The sky beast hits you but does no damage.
The sky beast misses you.
You hit the sky beast.
The sky beast is almost dead.
The sky beast hits you but does no damage.
You miss the sky beast.
The sky beast is almost dead.
The sky beast hits you but does no damage.
You hit the sky beast.
You kill the sky beast!
Makhleb accepts your kill. Why would you want to do that?
HP restored.
A wyvern comes into view.
The wyvern hisses angrily.
The wyvern barely misses you.
You barely miss the wyvern. Your headbutt misses the wyvern.
The wyvern bites you! The wyvern bites you.
You completely miss the wyvern. Your headbutt misses the wyvern.
The wyvern bites you! The wyvern barely misses you.
Ignis anoints the wyvern as an instrument of vengeance!
The wyvern is coated in flames, covering ground quickly and attacking fiercely!
Okay, then.
Okay, then.
You hit the wyvern.
Your weapon exudes an aura of protection.
The wyvern is lightly wounded.
The wyvern bites you.
You are engulfed in flames.
The wyvern barely misses you.
You hit the wyvern but do no damage. You headbutt the wyvern.
The wyvern is lightly wounded.
The wyvern bites you.
You are engulfed in flames!
The wyvern bites you!
You are engulfed in flames.
* * * LOW HITPOINT WARNING * * *
You feel yourself speed up. The wyvern bites you!
* * * LOW HITPOINT WARNING * * *
You are engulfed in flames!
* * * LOW HITPOINT WARNING * * *
The wyvern bites you!
You die...

######## #......# #.####.#
#.# #.# ##.####.### ***
#.........# *** *,**
#..#.##.#@# **>********
,*,** #.......#k#
**,,,**,,,,, ,,*,*
#.##.##.#.#****,,,,,*,****
,,,**
#.##..#.#..,,,,,,,,,,,,,**
*,****
#.#≈≈.≈≈###******,***,*,,,
*,,,,* #.≈≈≈.≈≈≈# *,*
*,**** ****,* ##≈≈≈.≈≈≈#
*,* *,**** *,* #...∩...#
**+***,,,,, *,*###≈≈≈.≈≈≈#
**,,,*******


You could see a wyvern (flame-wreathed).

Vanquished Creatures
  Pikel (D:5)
  Grinder (D:5)
  Menkaure (D:4)
  2 water moccasins
  A black bear (D:6)
  A sky beast (D:7)
  A phantom (D:6)
  A kobold brigand (D:7)
  2 elf zombies (Ossuary)
  2 scorpions
  A bullfrog (D:4)
  A gnoll sergeant (D:5)
  4 wights (D:7)
  A howler monkey (D:6)
  2 bombardier beetles
  A centaur zombie (Ossuary)
  4 jellies
  A hound (D:5)
  3 human zombies (Ossuary)
  A sleepcap (D:3)
  2 iguanas
  Ijyb (D:4)
  5 orc wizards
  3 hound zombies (Ossuary)
  2 mummies (Ossuary)
  Robin (D:4)
  6 adders
  7 gnolls
  A shadow imp (D:5)
  4 ufetubi (D:6)
  7 adder zombies (Ossuary)
  6 dart slugs
  A ribbon worm (D:4)
  20 orcs
  An endoplasm (D:3)
  2 giant cockroaches
  5 gnoll zombies (Ossuary)
  16 goblins
  9 hobgoblins
  7 kobolds
  2 quokkas
  3 ball pythons
  A bat (D:2)
  5 frilled lizards
  7 jackal zombies (Ossuary)
  5 kobold zombies (Ossuary)
  4 orc zombies (Ossuary)
  2 rats
167 creatures vanquished.

Vanquished Creatures (others)
  57 foxfires
57 creatures vanquished.

Grand Total: 224 creatures vanquished

Notes
Turn   | Place    | Note
-------+----------+-------------------------------------------
     0 | D:1      | yaymichael the Oni Cinder Acolyte began the quest for the
                  | Orb.
     0 | D:1      | Reached XP level 1. HP: 24/24 MP: 2/2
   316 | D:1      | Reached XP level 2. HP: 31/33 MP: 3/3
   769 | D:1      | Found Mad Zenu's Book Shop.
   885 | D:2      | Reached XP level 3. HP: 25/41 MP: 4/4
  1194 | D:2      | Found a faded altar of an unknown god.
  1209 | D:2      | Reached skill level 5 in Fighting
  1523 | D:2      | Reached skill level 4 in Axes
  1736 | D:3      | Reached XP level 4. HP: 43/50 MP: 5/5
  1765 | D:3      | Learned a level 2 spell: Scorch
  2185 | D:3      | Reached XP level 5. HP: 51/57 MP: 5/7
  2691 | D:3      | Reached skill level 1 in Dodging
  2940 | D:4      | Noticed Ijyb
  2947 | D:4      | Killed Ijyb
  2948 | D:4      | Reached skill level 5 in Axes
  3029 | D:4      | Reached skill level 1 in Shapeshifting
  3029 | D:4      | Reached XP level 6. HP: 66/66 MP: 8/8
  3057 | D:4      | Identified the +2 helmet of Lethargy {rPois rC- Regen+}
  3057 | D:4      | Noticed Robin
  3064 | D:4      | Killed Robin
  3239 | D:4      | Noticed Menkaure
  3248 | D:4      | Killed Menkaure
  3249 | D:4      | Reached skill level 6 in Axes
  3249 | D:4      | Reached XP level 7. HP: 37/72 MP: 9/9
  3778 | D:5      | Entered Level 5 of the Dungeon
  3838 | D:5      | Noticed Grinder
  3845 | D:5      | Paralysed by Grinder for 4 turns
  3853 | D:5      | Killed Grinder
  3854 | D:5      | Reached skill level 7 in Axes
  3856 | D:5      | Reached XP level 8. HP: 64/83 MP: 10/10
  4142 | D:5      | Noticed Pikel
  4179 | D:5      | Killed Pikel
  4180 | D:5      | Reached skill level 8 in Axes
  4789 | D:6      | Found a sand-covered staircase.
  4838 | Ossuary  | Entered an ossuary
  5227 | Ossuary  | Reached XP level 9. HP: 71/89 MP: 11/11
  5264 | Ossuary  | Reached skill level 9 in Axes
  6130 | D:6      | Found Ridiweuxi's Book Shop.
  6575 | D:6      | Found an ancient bone altar of Kikubaaqudgha.
  6854 | D:7      | Reached skill level 10 in Axes
  7035 | D:7      | Found a staircase to the Ecumenical Temple.
  7047 | Temple   | Entered the Ecumenical Temple
  7171 | Temple   | Fell from the grace of Ignis
  7171 | Temple   | Became a worshipper of Makhleb the Destroyer
  7560 | D:7      | Found Obozea's Self-Improvement Boutique.
  7668 | D:7      | HP: 2/89 [wyvern[Ignis] (8)]
  7668 | D:7      | Mangled by a wyvern

Illustrated notes

Levels and vault maps discovered:
D:1:      dpeg_arrival_oval, layout_loops_ring, serial_shops,
          nicolae_shop_pleasant_corner_grove
D:2:      layout_rooms, chequers_ecumenical_altar_grove,
          kennysheep_pointless_box
D:3:      layout_basic, kennysheep_generic_room_14
D:4:      layout_basic, kennysheep_generic_room_5, uniq_ijyb, uniq_robin,
          uniq_menkaure
D:5:      layout_rooms, serial_curves, eino_curves_01, eino_curves_03,
          grunt_ministairs_7, mrwooster_statue_mirror, uniq_pikel, uniq_grinder
D:6:      nicolae_cairo_tiling, layout_rooms, nicolae_overflow_hidden_temple,
          serial_shops, nicolae_book_shop_shelving,
          lightli_ossuary_entry_decrepit_ruins
D:7:      layout_loops_corners, nicolae_overflow_quartered_altars,
          minmay_temple_entry_large_hall, nicolae_shop_self_help
Temple:   eino_temple_scatter_basement

Skill      XL: |  1  2  3  4  5  6  7  8  9 |
---------------+----------------------------+-----
Fighting       | 5 6 |  6.8
Axes           | 4 5 6 7 8 10 | 10.1
Fire Magic     | 3 4 |  4.8
Dodging        | 1 2 3 4 |  4.1
Shapeshifting  | 1 2 3 |  3.4
Long Blades    | |  0.3
Stealth        | |  0.1
Spellcasting   | |  1.7
Evocations     | |  0.2

Action                     |  1- 3 |  4- 6 |  7- 9 || total
---------------------------+-------+-------+-------++-------
  Melee: Hand axe          |    37 |       |       ||    37
         Headbutt          |     7 |     7 |    35 ||    49
         War axe           |    50 |    56 |   247 ||   353
         Punch             |       |     1 |       ||     1
         Falchion          |       |       |    32 ||    32
   Cast: Scorch            |       |     3 |       ||     3
 Invoke: Fiery Armour      |     1 |     2 |     3 ||     6
         Foxfire Swarm     |       |     2 |     2 ||     4
  Evoke: Wand              |       |       |     8 ||     8
    Use: Scroll            |     8 |     1 |     9 ||    18
         Potion            |       |       |     7 ||     7
 Armour: Robe              |    63 |    40 |   297 ||   400
  Dodge: Dodged            |    39 |    17 |   147 ||   203
   Form: Maw               |       |       |     2 ||     2
                           |       |       |     1 ||     1

Table legend: (Time is in decaauts)
 A = Elapsed time spent in this place.
 B = Non-inter-level travel time spent in this place.
 C = Inter-level travel time spent in this place.
 D = Time resting spent in this place.
 E = Time spent auto-exploring this place.
 F = Levels seen in this place.
 G = Mean time per level.
                   A        B        C        D        E       F      G
               +--------+--------+--------+--------+--------+-----+--------+
         Total |   7727 |   7474 |    253 |   1411 |   4590 |   9 |  858.6 |
       Dungeon |   6993 |   6752 |    241 |   1112 |   4535 |   7 |  999.0 |
        Temple |    137 |    125 |     12 |      0 |      0 |   1 |  137.0 |
       Ossuary |    596 |    596 |      0 |    299 |     55 |   1 |  596.0 |
               +--------+--------+--------+--------+--------+-----+--------+

Top non-repeatable levels by time:
     D:6: 1601 daAuts
     D:3: 1199 daAuts
     D:5: 983 daAuts
     D:4: 957 daAuts
     D:1: 859 daAuts
     D:2: 797 daAuts
 Ossuary: 596 daAuts
     D:7: 596 daAuts
  Temple: 137 daAuts
